 Dungeon Crawl Stone Soup version 0.18.1-8-gdd0e5ea (webtiles) character file.

125 rockintein the Chopper (level 4, 0/58 HPs)
             Began as a Minotaur Berserker on June 9, 2016.
             Was a Believer of Trog.
             Slain by an adder (2 damage)
             ... on level 2 of the Dungeon.
             The game lasted 00:01:44 (1142 turns).

rockintein the Chopper (Minotaur Berserker)         Turns: 1142, Time: 00:01:44

Health: 0/58       AC:  2    Str: 28    XL:     4   Next: 82%
Magic:  3/3        EV: 12    Int:  4    God:    Trog [**....]
Gold:   77         SH:  0    Dex:  9    Spells: 0 memorised, 3 levels left

rFire  . . .     SeeInvis .     a - +0 hand axe
rCold  . . .     Gourm    .     b - +0 animal skin
rNeg   . . .     Faith    .     (no shield)
rPois  .         Spirit   .     (helmet restricted)
rElec  .         Dismiss  .     (no cloak)
rCorr  .         Reflect  .     (no gloves)
SustAt .         Harm     .     (no boots)
MR     ++...                    (no amulet)
Stlth  ..........               (no ring)
                                (no ring)

@: berserking, lethally poisoned (0 -> 0), regenerating, slowed, very resistant
to hostile enchantments, extremely unstealthy
A: retaliatory headbutt, horns 2
a: Berserk, Trog's Hand, Burn Spellbooks, Renounce Religion


You were on level 2 of the Dungeon.
You worshipped Trog.
Trog was pleased with you.
You were not hungry.

You visited 1 branch of the dungeon, and saw 2 of its levels.

You collected 77 gold pieces.

Inventory:

Hand Weapons
 a - a +0 hand axe (weapon)
Armour
 b - a +0 animal skin (worn)
Scrolls
 d - a scroll of remove curse {unknown}
 e - a scroll of enchant armour {unknown}
 h - a scroll of identify {unknown}
 i - 2 scrolls of enchant weapon {unknown}
 k - a scroll of teleportation {unknown}
Comestibles
 c - 2 bread rations
 f - a meat ration
 j - 4 fruits


   Skills:
 - Level 3.6 Fighting
 * Level 6.8 Axes
 - Level 2.4 Armour
 - Level 2.1 Dodging


You had 3 spell levels left.
You didn't know any spells.

Dungeon Overview and Level Annotations

Branches:
Dungeon (2/15)

Altars:
Sif Muna


Innate Abilities, Weirdness & Mutations

You reflexively headbutt those who attack you in melee.
You have a pair of horns on your head.


Message History

Natasha misses you. The white imp closely misses you. You furiously retaliate!
You headbutt the white imp!
You kill the white imp!
Natasha howls an incantation.
Natasha shimmers violently.
Natasha claws you.
* * * LOW HITPOINT WARNING * * *
You slash Natasha! You headbutt Natasha.
You kill Natasha!
Trog accepts your kill.
Trog appreciates your killing of a magic user.
Natasha screams in pain as she dies!
The adder bites you.
* * * LOW HITPOINT WARNING * * *
You miss the adder. The adder bites you.
* * * LOW HITPOINT WARNING * * *
You are poisoned.
The adder poisons you!
You barely miss the adder.
You feel sick. The adder bites you.
You die...

.. .# .... =# ... .#
...## .# #..# .#
#.## ####S######
##..###..@.......
####....†...........
#......†............
#.......†.?.........
#....##..#..........
#....###.#..........
#....# #..###.......
#....# ##.## .......
#)...####..# .......


You could see an adder.

Vanquished Creatures
  Natasha (twice) (D:2)
  2 adders (D:2)
  A worm (D:2)
  2 giant geckos
  2 giant cockroaches
  5 hobgoblins
  11 jackals (D:2)
  2 quokkas (D:2)
  3 bats
  10 giant newts (D:2)
  3 goblins
  5 kobolds
  5 rats
53 creatures vanquished.

Notes
Turn   | Place    | Note
--------------------------------------------------------------
     0 | D:1      | rockintein the Minotaur Berserker began the quest for the Orb.
     0 | D:1      | Reached XP level 1. HP: 19/19 MP: 0/0
    90 | D:1      | Reached skill level 4 in Axes
   241 | D:1      | Reached XP level 2. HP: 21/26 MP: 1/1
   551 | D:2      | Reached ** piety under Trog
   555 | D:2      | Reached skill level 5 in Axes
   557 | D:2      | Reached XP level 3. HP: 31/31 MP: 2/2
   643 | D:2      | Found a deep blue altar of Sif Muna.
   870 | D:2      | Noticed Natasha
   894 | D:2      | Killed Natasha
   894 | D:2      | Reached XP level 4. HP: 32/39 MP: 3/3
   897 | D:2      | Reached skill level 6 in Axes
  1131 | D:2      | Noticed Natasha
  1140 | D:2      | Killed Natasha
  1141 | D:2      | HP: 2/58 [adder (4)]
  1142 | D:2      | Slain by an adder

Skill      XL: |  1  2  3  4 |
---------------+-------------+-----
Axes           | 4 5 6 |  6.8
Fighting       | |  3.6
Armour         | |  2.4
Dodging        | |  2.1

Action                   |  1- 3 |  4- 6 || total
-------------------------+-------+-------++-------
Melee: Hand axe          |    49 |    27 ||    76
       Headbutt          |     5 |     6 ||    11
       Unarmed           |    14 |    12 ||    26
Invok: Berserk           |     2 |     1 ||     3
       Trog's Hand       |       |     1 ||     1
  Eat: Chunk             |     1 |     2 ||     3
Armor: Animal skin       |    10 |     9 ||    19
Dodge: Dodged            |    34 |    31 ||    65
